 Dungeon Crawl Stone Soup version 0.29-a0-822-ga620ab95ad (webtiles) character file.

Game seed: 7245908690047511366

2079 Garessta the Summoner (level 9, -3/34 HPs)
             Began as a Felid Summoner on July 8, 2022.
             Was an Initiate of Gozag.
             Shot with an arrow by a centaur (15 damage)
             ... on level 8 of the Dungeon.
             The game lasted 00:43:54 (10074 turns).

Garessta the Summoner (Felid Summoner)             Turns: 10074, Time: 00:43:54

Health: -3/34      AC:  2    Str:  4    XL:     9   Next: 6%
Magic:  13/17      EV: 17    Int: 20    God:    Gozag
Gold:   42         SH:  5    Dex: 17    Spells: 4/17 levels left
                                        Lives:  0   Deaths: 2

rFire   . . .      SeeInvis +   (weapon unavailable)
rCold   . . .      Faith    .   (shield unavailable)
rNeg    . . .      Spirit   .   (body armour unavailable)
rPois   .          Reflect  +   (helmet unavailable)
rElec   .          Harm     .   (cloak unavailable)
rCorr   .          Rampage  .   (gloves unavailable)
Will    +....                   (boots unavailable)
Stlth   ++........              u - amulet of reflection
HPRegen 0.11/turn               (no ring)
MPRegen 0.15/turn               (no ring)

@: gold aura, quick
A: very small, claws 1, fangs 3, see invisible, speed 1, shaggy fur 2, stealthy
paws, no weapons or thrown items, no armour, multi-lived
a: Renounce Religion, Potion Petition, Call Merchant, Bribe Branch


You were on level 8 of the Dungeon.
You worshipped Gozag.
Gozag was noncommittal.
You visited 2 branches of the dungeon, and saw 9 of its levels.

You collected 456 gold pieces.
You spent 287 gold pieces at shops.
You paid 127 gold pieces to Gozag.

Inventory:

Jewellery
 u - an amulet of reflection (around neck)
Wands
 i - a wand of flame (10)
 r - a wand of paralysis (18)
Scrolls
 d - a scroll of teleportation
 f - a scroll of magic mapping
 h - 2 scrolls of immolation
 j - 3 scrolls of vulnerability
 l - 2 scrolls of poison
 n - a scroll of fog
 w - a scroll of amnesia
 x - a scroll of summoning
 y - a scroll of silence
Potions
 a - a potion of magic
 b - 3 potions of flight
 c - 2 potions of mutation
 g - 8 potions of heal wounds
 k - 3 potions of attraction
 m - 3 potions of might
 p - a potion of invisibility
 q - a potion of cancellation
 s - 3 potions of brilliance
 z - a potion of lignification


   Skills:
 - Level 2.6 Dodging
 - Level 2.6 Stealth
 - Level 4.9 Spellcasting
 - Level 5.0 Hexes
 - Level 10.0 Summonings
 + Level 9.6 Air Magic


You had 4 spell levels left.
You knew the following spells:

 Your Spells              Type           Power      Damage    Failure   Level
a - Summon Small Mammal   Summ           100%       N/A       1%          1
b - Call Imp              Summ           44%        N/A       1%          2
c - Call Canine Familiar  Summ           44%        N/A       1%          3
d - Summon Guardian Gole  Hex/Summ       34%        N/A       1%          3
e - Summon Lightning Spi  Summ/Air       44%        N/A       1%          4

Your spell library contained the following spells:

 Spells                   Type           Power      Damage    Failure   Level
 Confusing Touch          Hex            24%        N/A       4%          3
 Foxfire                  Conj/Fire      16%        2x1d4     12%         1
 Freeze                   Ice            16%        1d4       12%         1
 Inner Flame              Hex/Fire       14%        N/A       13%         3
 Sublimation of Blood     Necr           4%         N/A       19%         2
 Conjure Flame            Conj/Fire      4%         6-21      34%         3
 Frozen Ramparts          Ice            8%         1d2       34%         3
 Flame Wave               Conj/Fire      4%         2d5       75%         4
 Hailstorm                Conj/Ice       4%         3d4       75%         4
 Petrify                  Tmut/Erth      4%         N/A       75%         4
 Yara's Violent Unravell  Hex/Tmut       7%         3d5       75%         5
 Irradiate                Conj/Tmut      2%         3d14      97%         5
 Enfeeble                 Hex            12%        N/A       100%        7


Dungeon Overview and Level Annotations

Branches:
Dungeon (8/15)             Temple (1/1) D:4
   Lair: D:8-11

Altars:
Ashenzari
Cheibriados
Dithmenos
Elyvilon
Gozag
Hepliaklqana
Kikubaaqudgha
Makhleb
Nemelex Xobeh
Okawaru
Qazlal
Ru
Sif Muna
Trog
Uskayaw
Vehumet
Wu Jian
Xom
Yredelemnul
Zin
The Shining One

Shops:
D:7 *   D:8 (*[


Innate Abilities, Weirdness & Mutations

You have sharp claws.
You have razor-sharp teeth.
You have supernaturally acute eyesight. (SInv)
You cover ground quickly. (Speed+)
You are covered in thick fur. (AC +2)
Your paws help you pounce on unaware monsters.
You are incapable of wielding weapons or throwing items.
You cannot wear armour.
You gain extra lives every three experience levels.


Message History

4 gold pieces; a +0 hand axe; a +0 leather armour The water moccasin bites your crimson imp.
Your wolf completely misses the water moccasin.
Your crimson imp closely misses the water moccasin.
The water moccasin barely misses your crimson imp.
Your wolf completely misses the water moccasin.
Your wolf bites the water moccasin!
The water moccasin dies!
You swap places.
A centaur comes into view.
What are your orders? t - Meow!
Orders for allies: a - Attack new target. r - Retreat! s - Stop attacking. g - Guard the area. f - Follow me.
Anything else - Cancel.
Gang up on whom?
Press: ? - help, Dir - move target, f - centaur
Aim: a centaur (ally target)
Okay, then.
What are your orders? t - Meow!
Orders for allies: a - Attack new target. r - Retreat! s - Stop attacking. g - Guard the area. f - Follow me.
Anything else - Cancel.
Gang up on whom?
Press: ? - help, Dir - move target, f - centaur
Aim: a centaur (ally target) Attack!
The centaur wields a +0 shortbow.
The centaur shoots an arrow.
The arrow hits you!
Casting: Call Canine Familiar (safe; 1% risk of failure)
Confirm with . or Enter, or press ? or * to list all spells.
An electric hum fills the air.
The centaur shoots an arrow.
The arrow misses you.
The centaur shoots an arrow.
The arrow hits you!
The centaur shoots an arrow.
The arrow barely misses your crimson imp.
The arrow hits you!
You die...
Your body crumbles into a pile of gold.

########## ######........# .
#####....#........# ...
#...♣....#8......?## ....
.###..♣.♣.....@.......##.....
.....♣...♣........$g.........
♣..∩.)♣.$..........#.....
#..♣...♣5..........#.# ..$.
......♣.♣....[....∩..#.# ###
.......♣....h........#.#
P...#..c#####.....$..#.#
....#... #.?........# ... #..
########.?.#


You could see a gnoll sergeant, a centaur (ally target), a friendly wolf
(summoned), a friendly lightning spire (summoned) and a friendly crimson imp
(summoned).

Vanquished Creatures
  2 orcs
  3 ball pythons
  2 bats
  4 goblins
  2 kobolds
  2 quokkas
  3 rats
18 creatures vanquished.

Vanquished Creatures (collateral kills)
  The ghost of gabibbone the Digger, an amateur OpEE (D:4)
  Sigmund (D:5)
  A yak (D:8)
  Eustachio (D:5)
  3 water moccasins
  2 black bears (D:8)
  An ogre (D:7)
  A kobold brigand (D:6)
  3 necrophages
  A bullfrog (D:7)
  4 killer bees
  A jelly (D:7)
  3 orc priests
  7 hounds
  3 iguanas
  4 orc wizards
  4 adders
  A gnoll (D:6)
  A shadow imp (D:7)
  An ufetubus (D:5)
  5 dart slugs
  19 orcs
  4 bats
  7 endoplasms
  4 giant cockroaches
  A goblin (D:4)
  4 hobgoblins
  2 jackals (D:2)
  3 quokkas
  7 ball pythons
  2 frilled lizards (D:2)
  3 kobolds
  4 rats
109 creatures vanquished.

Vanquished Creatures (others)
  A hydra (D:6)
  The ghost of NoAnimeNoLife the Cudgeller, an amateur OgFi (D:4)
  A troll (D:6)
  5 yaks (D:8)
  2 black bears
  An orc warrior (D:6)
  An ogre (D:6)
  The ghost of edwat the Trooper, an amateur DsAK of Lugonu (D:4)
  A gnoll sergeant (D:6)
  A bullfrog (D:7)
  A killer bee (D:8)
  A hound (D:7)
  An orc wizard (D:6)
  2 gnolls (D:6)
  A shadow imp (D:7)
  57 fungi (D:8)
  43 plants (D:8)
  4 withered plants (D:4)
125 creatures vanquished.

Grand Total: 252 creatures vanquished

Notes
Turn   | Place    | Note
-------+----------+-------------------------------------------
     0 | D:1      | Garessta the Felid Summoner began the quest for the Orb.
     0 | D:1      | Reached XP level 1. HP: 7/7 MP: 4/4
   698 | D:1      | Reached XP level 2. HP: 9/11 MP: 3/6
   763 | D:1      | Learned a level 2 spell: Call Imp
  1670 | D:2      | Reached XP level 3. HP: 14/14 MP: 8/8
  1674 | D:2      | Learned a level 3 spell: Call Canine Familiar
  2553 | D:3      | Reached XP level 4. HP: 18/18 MP: 9/9
  2581 | D:3      | Learned a level 3 spell: Summon Guardian Golem
  2750 | D:3      | Reached skill level 1 in Hexes
  2750 | D:3      | Reached skill level 5 in Summonings
  2981 | D:3      | Found a faded altar of an unknown god.
  3726 | D:4      | Found a staircase to the Ecumenical Temple.
  3738 | Temple   | Entered the Ecumenical Temple
  4222 | D:4      | Reached XP level 5. HP: 21/21 MP: 5/11
  4544 | D:4      | Found a runed translucent gate.
  4544 | D:4      | Found a runed translucent gate.
  4544 | D:4      | Found a runed translucent gate.
  4549 | D:4      | Noticed edwat's ghost (amateur DsAK)
  4549 | D:4      | Noticed gabibbone's ghost (amateur OpEE)
  4550 | D:4      | Noticed NoAnimeNoLife's ghost (amateur OgFi)
  4629 | D:5      | Entered Level 5 of the Dungeon
  4781 | D:5      | Noticed a black bear
  4821 | D:5      | Killed a black bear
  4822 | D:5      | Gained mutation: You are covered in thick fur. (AC +2)
                  | [Felid growth]
  4822 | D:5      | Reached XP level 6. HP: 24/24 MP: 3/13
  5091 | D:5      | Found an iron altar of Okawaru.
  5240 | D:5      | Noticed Sigmund
  5255 | D:5      | Killed Sigmund
  5256 | D:5      | Reached skill level 6 in Summonings
  5256 | D:5      | Reached XP level 7. HP: 27/27 MP: 8/14
  5256 | D:5      | Noticed Eustachio
  5889 | D:6      | Reached skill level 5 in Hexes
  6134 | D:6      | Learned a level 4 spell: Summon Lightning Spire
  6146 | D:6      | Found a stormy altar of Qazlal.
  6346 | D:6      | Reached skill level 1 in Air Magic
  6369 | D:6      | Noticed a troll
  6654 | D:6      | Killed a troll
  6655 | D:6      | Reached skill level 7 in Summonings
  6655 | D:6      | Reached XP level 8. HP: 31/31 MP: 10/16
  6670 | D:6      | Noticed a four-headed hydra
  6739 | D:6      | Killed a four-headed hydra
  6740 | D:6      | Reached skill level 8 in Summonings
  6740 | D:6      | Reached skill level 5 in Air Magic
  7137 | D:6      | Reached XP level 9. HP: 34/34 MP: 9/17
  7240 | D:6      | Shot with a bolt by an orc warrior
  7241 | D:6      | Reached XP level 8. HP: -5/31 MP: 8/16
  7368 | D:6      | Reached skill level 9 in Summonings
  7587 | D:5      | Killed Eustachio
  7711 | D:4      | Killed gabibbone's ghost
  7720 | D:4      | Killed NoAnimeNoLife's ghost
  7721 | D:4      | Killed edwat's ghost
  8173 | D:7      | Reached XP level 9. HP: 25/34 MP: 4/17
  8300 | D:7      | Reached skill level 10 in Summonings
  8697 | D:7      | Found a snail-covered altar of Cheibriados.
  8698 | D:7      | Found a radiant altar of Vehumet.
  8700 | D:7      | Found a shimmering blue altar of Sif Muna.
  8700 | D:7      | Found an opulent altar of Gozag.
  8703 | D:7      | Became a worshipper of Gozag Ym Sagoz the Greedy
  8739 | D:7      | Found Zezam's General Store.
  8747 | D:7      | Bought a scroll of silence for 120 gold pieces
  8747 | D:7      | Bought a scroll of identify for 32 gold pieces
  8896 | D:7      | Found a glowing silver altar of Zin.
  8898 | D:7      | Found a white marble altar of Elyvilon.
  8899 | D:7      | Found a glowing golden altar of the Shining One.
  9253 | D:8      | Found Hioj's Antique Weapon Emporium.
  9893 | D:8      | Shot with an arrow by a centaur
  9894 | D:8      | Reached XP level 8. HP: -3/31 MP: 5/16
  9894 | D:8      | Found Xumytt's Assorted Antiques.
  9894 | D:8      | Found Vellax's Armour Shoppe.
  9910 | D:8      | Bought an encrusted gilded ring for 135 gold pieces
  9971 | D:8      | Reached XP level 9. HP: 34/34 MP: 7/17
 10074 | D:8      | Shot with an arrow by a centaur

Illustrated notes

Levels and vault maps discovered:
D:1:      minmay_arrival_shattered_statue, layout_loops_cross, chequers_jeans
D:2:      layout_basic
D:3:      layout_loops_ring, shapermc_ecumenical_altar_mp_vishouse
D:4:      layout_gridville, minmay_temple_entry_poolview,
          gammafunk_ghost_cemetery
D:5:      layout_rooms, mainiacjoe_overflow_concentric_impassable,
          uniq_eustachio, uniq_sigmund
D:6:      minmay_chambers_of_sixes, layout_basic, lemuel_doored_altar,
          st_stairs_9
D:7:      layout_basic, good_gods_temple_1, mainiacjoe_overflow_alcove_3,
          serial_shops, nicolae_shop_temple_entry_statues_fountains
D:8:      layout_basic, mainiacjoe_overflow_boulevard,
          due_lair_maze_entry_diamond, serial_shops, kennysheep_mini_moat,
          shop_coins, shop, shop, nicolae_diamond_shop
Temple:   chequers_temple_sunken

Skill      XL: |  1  2  3  4  5  6  7  8  9 |
---------------+----------------------------+-----
Spellcasting   | 3 4 |  4.9
Hexes          | 2 3 4 5 |  5.0
Summonings     | 5 6 7 9 10 | 10.0
Air Magic      | 3 6 9 |  9.6
Dodging        | |  2.6
Stealth        | |  2.6

Action                   |  1- 3 |  4- 6 |  7- 9 || total
-------------------------+-------+-------+-------++-------
Melee: Unarmed           |    24 |    12 |    13 ||    49
       Bite              |       |       |     1 ||     1
 Cast: Summon Small Mamm |    17 |     2 |     5 ||    24
       Call Imp          |    22 |    10 |    12 ||    44
       Call Canine Famil |     5 |    13 |    48 ||    66
       Summon Guardian G |       |     3 |    30 ||    33
       Summon Lightning  |       |       |    14 ||    14
Evoke: Wand              |       |       |     1 ||     1
  Use: Scroll            |       |    11 |    13 ||    24
       Potion            |       |       |     2 ||     2
 Stab: Sleeping          |    12 |     7 |     1 ||    20
       Distracted        |       |     1 |       ||     1
Armor: Skin              |     3 |     1 |     4 ||     8
Dodge: Dodged            |    48 |     8 |    62 ||   118
Block: Other             |       |       |     7 ||     7
       Reflection        |       |       |     1 ||     1

Table legend: (Time is in decaauts)
 A = Elapsed time spent in this place.
 B = Non-inter-level travel time spent in this place.
 C = Inter-level travel time spent in this place.
 D = Time resting spent in this place.
 E = Time spent auto-exploring this place.
 F = Levels seen in this place.
 G = Mean time per level.
                   A        B        C        D        E       F      G
               +--------+--------+--------+--------+--------+-----+--------+
         Total |   9000 |   8536 |    464 |    988 |   5706 |   9 | 1000.0 |
       Dungeon |   8774 |   8310 |    464 |    988 |   5547 |   8 | 1096.8 |
        Temple |    225 |    225 |      0 |      0 |    159 |   1 |  225.0 |
               +--------+--------+--------+--------+--------+-----+--------+

Top non-repeatable levels by time:
     D:6: 1753 daAuts
     D:1: 1334 daAuts
     D:7: 1282 daAuts
     D:4: 1241 daAuts
     D:5: 1091 daAuts
     D:2: 899 daAuts
     D:3: 782 daAuts
     D:8: 389 daAuts
  Temple: 225 daAuts
